 Dungeon Crawl Stone Soup version 0.31-a0-981-geadf994542 (webtiles) character file.

Game seed: 2221735577424402349

214 mattiecakes the Chopper (level 5, -6/46 HPs)
             Began as a Minotaur Fighter on Nov 2, 2023.
             Mangled by an ogre
             ... wielding a +0 giant spiked club
              (26 damage)
             ... on level 5 of the Dungeon.
             The game lasted 00:06:58 (2542 turns).

mattiecakes the Chopper (Minotaur Fighter)          Turns: 2542, Time: 00:06:58

Health: -6/46      AC: 14    Str: 21    XL:     5   Next: 60%
Magic:  4/4        EV:  7    Int:  5    God:
Gold:   260        SH:  4    Dex:  9    Spells: 4/4 levels left

rFire   . . .        a - +0 war axe
rCold   . . .        c - +0 buckler
rNeg    . . .        n - +0 chain mail
rPois   +            (helmet restricted)
rElec   .            t - +2 cloak {rPois}
rCorr   .            (no gloves)
SInv    .            b - +1 pair of boots of Whack-A-Mole {Rampage rPois}
Will    .....        (no amulet) Stlth
                     (no ring)
HPRegen 0.27/turn    (no ring)
MPRegen 0.09/turn

%: rampage
@: mighty
A: horns 2, retaliatory headbutt, deterioration 1, weak 1
a: no special abilities


You were on level 5 of the Dungeon.
You visited 1 branch of the dungeon, and saw 5 of its levels.

You collected 260 gold pieces.

Inventory:

Hand Weapons
 a - a +0 war axe (weapon)
Armour
 b - the +1 pair of boots of Whack-A-Mole (worn) {Rampage rPois}
   (You acquired it on level 3 of the Dungeon)

   rPois:     It protects you from poison Rampage: It bestows one free step when
   moving towards enemies.
 c - a +0 buckler (worn)
 n - a +0 chain mail (worn)
 t - a +2 cloak of poison resistance (worn)
Jewellery
 f - an amulet of the acrobat
Wands
 e - a wand of polymorph (5)
Scrolls
 g - a scroll of enchant weapon {unknown}
 h - a scroll of fog
 j - a scroll of identify
 l - a scroll of enchant armour {unknown}
 p - a scroll of fear
 q - a scroll of acquirement
Potions
 d - a potion of might
 i - a potion of heal wounds
 k - a potion of ambrosia {unknown}
 m - a potion of magic
 o - a potion of curing


   Skills:
 - Level 3.7 Fighting
 + Level 7.1 Axes
 - Level 3.7 Armour
 - Level 3.7 Shields


You had 4 spell levels left.
You didn't know any spells.
Your spell library contained the following spells:

 Spells                   Type           Power      Damage    Failure   Level
 Kiss of Death            Conj/Necr      0%         2d5       99%         1
 Sandblast                Erth           0%         2d4       99%         1
 Passwall                 Tmut/Erth      0%         N/A       100%        2
 Confusing Touch          Hex            0%         N/A       100%        3
 Stone Arrow              Conj/Erth      0%         3d7       100%        3
 Brom's Barrelling Bould  Conj/Erth      0%         2d3       100%        4
 Dispel Undead            Necr           0%         3d6       100%        4


Dungeon Overview and Level Annotations

Branches:
Dungeon (5/15)
 Temple: D:4-7

Altars:


Innate Abilities, Weirdness & Mutations

You have a pair of horns on your head.
You reflexively headbutt those who attack you in melee.
Your body sometimes deteriorates upon taking damage.
You are weak. (Str -2)


Message History

You see here a +1 dagger of venom.
You see here a +0 short sword.
You see here a +0 club.
Done exploring.
Done exploring.
Done exploring.
Done exploring.
Done exploring.
Done exploring.
What level of the Dungeon? (default 4, ? - help)
There is a stone staircase leading down here.
You climb downwards.
Found a potion of curing.
Found an escape hatch in the ceiling.
Found a stone staircase leading down.
There is a stone staircase leading up here.
o - a potion of curing
There is a stone staircase leading down here.
Found a dagger.
p - a scroll of fear
Found a stone staircase leading up.
q - a scroll of acquirement An ogre comes into view.
It is wielding a +0 giant spiked club.
The ogre shouts!
The ogre moves out of view.
You rampage towards the ogre!
An ufetubus comes into view.
The ufetubus shouts!
You hit the ogre. You headbutt the ogre.
The ogre is moderately wounded.
The ogre hits you with a +0 giant spiked club!
You hit the ogre.
The ogre is moderately wounded.
You barely miss the ogre.
The ogre is moderately wounded.
The ogre hits you with a +0 giant spiked club!
You are too injured to fight recklessly!
You feel very mighty all of a sudden.
The ogre hits you with a +0 giant spiked club!!
Ouch! That really hurt!
You die...

####.##....#####
# #..#.....#
#..#####.##
....# #..#
.#...# ####.# ..
#...# #....# .
#...# #....##
#.... +.....#
#....@#
#.....O......
####..5......
#.#.......
#.###+#### ...
###


You could see an ogre and an ufetubus.

Vanquished Creatures
  Robin (D:4)
  3 gnolls (D:2)
  5 adders
  A white imp (D:4)
  6 worms
  3 dart slugs
  6 orcs
  9 ball pythons
  3 bats
  5 endoplasms
  2 giant cockroaches
  12 goblins
  12 hobgoblins
  4 jackals (D:2)
  2 quokkas (D:3)
  2 frilled lizards (D:2)
  7 kobolds
  4 rats
87 creatures vanquished.

Notes
Turn   | Place    | Note
-------+----------+-------------------------------------------
     0 | D:1      | mattiecakes the Minotaur Fighter began the quest for the
                  | Orb.
     0 | D:1      | Reached XP level 1. HP: 19/19 MP: 0/0
   159 | D:1      | Reached skill level 3 in Axes
   165 | D:1      | Reached XP level 2. HP: 25/27 MP: 1/1
   380 | D:1      | Reached skill level 4 in Axes
   492 | D:2      | Reached XP level 3. HP: 33/33 MP: 2/2
   495 | D:2      | Found a faded altar of an unknown god.
   696 | D:2      | Reached skill level 5 in Axes
   913 | D:2      | Reached XP level 4. HP: 40/40 MP: 3/3
  1626 | D:3      | Reached skill level 6 in Axes
  1735 | D:3      | Identified the +1 dagger "Weckofae" {vamp, rN++ Int+3}
  1792 | D:3      | Identified a scroll of acquirement
  1792 | D:3      | Acquired the +1 pair of boots of Whack-A-Mole {Rampage
                  | rPois}
  1812 | D:3      | Gained mutation: You are clumsy. (Dex -2) [potion of
                  | mutation]
  1812 | D:3      | Gained mutation: You are weak. (Str -2) [potion of
                  | mutation]
  1812 | D:3      | Gained mutation: Your body sometimes deteriorates upon
                  | taking damage. [potion of mutation]
  1812 | D:3      | Lost mutation: You are clumsy. (Dex -2) [potion of
                  | mutation]
  1997 | D:4      | Reached XP level 5. HP: 46/46 MP: 4/4
  2040 | D:4      | Noticed Robin
  2061 | D:4      | Killed Robin
  2142 | D:4      | Reached skill level 7 in Axes
  2486 | D:5      | Entered Level 5 of the Dungeon
  2536 | D:5      | Noticed an ogre
  2542 | D:5      | Mangled by an ogre

Illustrated notes

Levels and vault maps discovered:
D:1:      lordsloth_arrival_two_stooges, layout_rooms
D:2:      layout_basic, hellmonk_ecumenical_altar_lost_god, minivault_4
D:3:      minmay_evil_eye, layout_basic, item_on_display_a
D:4:      layout_cave_pools, hangedman_decor_push, minmay_stone_trees_small,
          dreamdust_wishing_well, uniq_robin
D:5:      layout_basic, minmay_temple_entry_tees

Skill      XL: |  1  2  3  4  5 |
---------------+----------------+-----
Axes           | 3 4 5 6 7 |  7.1
Fighting       | |  3.7
Armour         | |  3.7
Shields        | |  3.7

Action                     |  1- 3 |  4- 6 || total
---------------------------+-------+-------++-------
  Melee: War axe           |    76 |   101 ||   177
         Headbutt          |    11 |    12 ||    23
    Use: Scroll            |       |     9 ||     9
         Potion            |       |     8 ||     8
 Armour: Scale mail        |    43 |       ||    43
         Chain mail        |     4 |    95 ||    99
  Dodge: Dodged            |    34 |    46 ||    80
  Block: Buckler           |    17 |    26 ||    43

Table legend: (Time is in decaauts)
 A = Elapsed time spent in this place.
 B = Non-inter-level travel time spent in this place.
 C = Inter-level travel time spent in this place.
 D = Time resting spent in this place.
 E = Time spent auto-exploring this place.
 F = Levels seen in this place.
 G = Mean time per level.
                   A        B        C        D        E       F      G
               +--------+--------+--------+--------+--------+-----+--------+
         Total |   2590 |   2482 |    108 |     90 |   1888 |   5 |  518.0 |
       Dungeon |   2590 |   2482 |    108 |     90 |   1888 |   5 |  518.0 |
               +--------+--------+--------+--------+--------+-----+--------+

Top non-repeatable levels by time:
     D:2: 838 daAuts
     D:4: 630 daAuts
     D:3: 589 daAuts
     D:1: 476 daAuts
     D:5: 56 daAuts
